 Dungeon Crawl Stone Soup version 0.24.0-1-gfbc8707122 (webtiles) character file.

Game seed: 1615057971187502572, levelgen mode: deterministic

109 Aviak the Caller (level 4, -1/33 HPs)
             Began as a Draconian Summoner on Oct 26, 2019.
             Slain by Grinder (3 damage)
             ... while paralysed by Grinder
             ... on level 3 of the Dungeon.
             The game lasted 00:05:41 (2433 turns).

Aviak the Caller (Draconian Summoner)               Turns: 2433, Time: 00:05:42

Health: -1/33      AC:  5    Str: 13    XL:     4   Next: 59%
Magic:  15/17      EV:  2    Int: 15    God:
Gold:   159        SH:  0    Dex: 12    Spells: 3/9 levels left

rFire    . . .     SeeInvis .   f - +0 dagger
rCold    . . .     Gourm    .   (no shield)
rNeg     . . .     Faith    .   (armour unavailable)
rPois    .         Spirit   .   (helmet restricted)
rElec    +         Reflect  .   (no cloak)
rCorr    .         Harm     .   (no gloves)
MR       .....                  (no boots)
Stlth    ++........             h - amulet of inaccuracy (curse)
HPRegen  0.11/turn              l - ring of magical power
MPRegen  0.15/turn              (no ring)

@: paralysed
A: unfitting armour, electricity resistance, strong 1, evolution 1,
cold-blooded, AC +5
a: no special abilities


You were on level 3 of the Dungeon.
You were not hungry.

You visited 1 branch of the dungeon, and saw 3 of its levels.

You collected 159 gold pieces.

Inventory:

Hand Weapons
 f - a +0 dagger (weapon)
Jewellery
 h - a cursed amulet of inaccuracy (around neck)
 l - a ring of magical power (left hand)
 m - an uncursed amulet of faith {unknown}
Wands
 d - a wand of iceblast (5)
 k - a wand of paralysis (10)
Scrolls
 a - 2 scrolls of identify {unknown}
 g - a scroll of enchant armour
 i - a scroll of enchant weapon {unknown}
 t - a scroll of teleportation
Potions
 j - a potion of haste {unknown}
 n - a potion of resistance {unknown}
Comestibles
 b - 2 rations
 o - a chunk of flesh


   Skills:
 + Level 2.8 Dodging
 - Level 1.7 Stealth
 + Level 3.0 Spellcasting
 + Level 4.8 Summonings


You had 3 spell levels left.
You knew the following spells:

 Your Spells              Type           Power        Failure   Level  Hunger
a - Summon Small Mammal   Summ           ###.         2%          1    #......
b - Call Imp              Summ           ###.....     4%          2    ##.....
c - Call Canine Familiar  Summ           ###.....     9%          3    ###....

Your spell library contained the following spells:

 Spells                   Type           Power        Failure   Level  Hunger
 Summon Guardian Golem    Hex/Summ       #.......     22%         3    ###....
 Summon Ice Beast         Ice/Summ       #.......     58%         4    #####..
 Summon Lightning Spire   Summ/Air       #.......     58%         4    #####..


Dungeon Overview and Level Annotations

Branches:
Dungeon (3/15)

Altars:
Ashenzari

Annotations:
D:3 Grinder


Innate Abilities, Weirdness & Mutations

Your plain brown scales are hard. (AC +5)
You cannot fit into any form of body armour.
You are cold-blooded and may be slowed by cold attacks.
You are resistant to electric shocks. (rElec)
Your muscles are strong. (Str +2)
You evolve.


Message History

You suddenly lose the ability to move!
Your hound barely misses the worm.
Your crimson imp hits Grinder.
The worm bites your hound. x2
Grinder gestures at you. Pain shoots through your body!
Your hound bites the worm.
Your hound barely misses the worm.
Your crimson imp hits Grinder.
Grinder hits you!
* * * LOW HITPOINT WARNING * * *
You writhe in agony.
* * * LOW HITPOINT WARNING * * *
Your hound barely misses the worm.
The worm barely misses your hound. The worm bites your hound!
Your hound dies!
Your hound's corpse disappears in a puff of smoke!
Your crimson imp hits Grinder.
Grinder barely misses you.
Your crimson imp closely misses Grinder.
Grinder hits you.
* * * LOW HITPOINT WARNING * * *
You writhe in agony.
You die...

#.###### #.##### #.#
#.##...## ###...## #.#
#.#....5#####.....# #.#
#.#...............# #.#
#.#.....#####.....# #.#
#.##..†##...##...########.###
#..##)##.....##.##...§......#
##.##(#......$#.#...###.....#
#..'(#...w.@55.###.##.......
####(#...w...#.# #.#........
##÷##.....##.#*#.#........
##...##...##...*#.#.#...†.#
#.....####*,.?..#.#.##...)#
#.........?.....#.#.#####.#
#.....#####.....#...#####.#
##(..##...##...##.......#..
######....###**#.#####.##.


You could see Grinder, 2 worms and a friendly crimson imp.

Vanquished Creatures
  2 adders
  2 leopard geckos (D:3)
  A ball python (D:1)
  3 bats
  2 giant cockroaches
  4 goblins
  5 hobgoblins
  5 kobolds
  4 frilled lizards
  11 rats
39 creatures vanquished.

Vanquished Creatures (collateral kills)
  A jelly (D:3)
  A gnoll (D:1)
  An adder (D:2)
  3 worms
  A dart slug (D:1)
  A leopard gecko (D:2)
  A ball python (D:3)
  3 giant cockroaches
  6 goblins
  A hobgoblin (D:2)
  4 jackals (D:2)
  2 kobolds (D:3)
  3 bats
  3 rats
31 creatures vanquished.

Vanquished Creatures (others)
  A bat (D:3)
1 creature vanquished.

Grand Total: 71 creatures vanquished

Notes
Turn   | Place    | Note
-------+----------+-------------------------------------------
     0 | D:1      | Aviak the Draconian Summoner began the quest for the Orb.
     0 | D:1      | Reached XP level 1. HP: 14/14 MP: 3/3
   228 | D:1      | Reached XP level 2. HP: 17/20 MP: 5/5
   882 | D:1      | Reached XP level 3. HP: 26/26 MP: 6/6
   988 | D:2      | Found a shattered altar of Ashenzari.
  1046 | D:2      | Learned a level 2 spell: Call Imp
  1810 | D:3      | Reached XP level 4. HP: 33/33 MP: 5/8
  1879 | D:3      | Learned a level 3 spell: Call Canine Familiar
  2421 | D:3      | Noticed Grinder
  2428 | D:3      | Gained mutation: You are resistant to electric shocks.
                  | (rElec) [potion of mutation]
  2428 | D:3      | Gained mutation: You evolve. [potion of mutation]
  2428 | D:3      | Gained mutation: Your muscles are strong. (Str +2) [potion
                  | of mutation]
  2429 | D:3      | Paralysed by Grinder for 6 turns
  2433 | D:3      | Slain by Grinder

Levels and vault maps discovered:
D:1:      ncdulo_wetmaze, layout_loops_ring
D:2:      layout_basic, nicolae_overflow_crystal_walls, serial_bayou_ford_a
D:3:      minmay_octagon_keep, layout_loops_ring, first_ration, uniq_grinder

Skill      XL: |  1  2  3  4 |
---------------+-------------+-----
Dodging        | 2 |  2.8
Spellcasting   | 3 |  3.0
Stealth        | |  1.7
Summonings     | |  4.8

Action                   |  1- 3 |  4- 6 || total
-------------------------+-------+-------++-------
Melee: Unarmed           |    14 |       ||    14
       Club              |   133 |    18 ||   151
       Tailslap          |    19 |     7 ||    26
       Dagger            |       |    53 ||    53
 Cast: Summon Small Mamm |    15 |       ||    15
       Call Imp          |    10 |     3 ||    13
       Call Canine Famil |       |     5 ||     5
  Use: Scroll            |       |     5 ||     5
       Potion            |       |     2 ||     2
 Stab: Sleeping          |     6 |       ||     6
  Eat: Chunk             |     4 |     3 ||     7
Armor: Skin              |    50 |    19 ||    69
Dodge: Dodged            |   115 |    69 ||   184
